 Dungeon Crawl Stone Soup version 0.25-a0-474-ga8a2ee3 (webtiles) character file.

Game seed: 2322739819081723390, levelgen mode: deterministic

2888 Coldstonesans the Geomancer (level 9, -1/68 HPs)
             Began as a Deep Dwarf Earth Elementalist on Feb 6, 2020.
             Was a Follower of Ashenzari.
             Slain by an orc warrior
             ... wielding a +1 vorpal trident
              (4 damage)
             ... on level 8 of the Dungeon.
             The game lasted 00:17:21 (7541 turns).

Coldstonesans the Geomancer (DDEE)                  Turns: 7541, Time: 00:17:22

Health: -1/68      AC:  9    Str: 13    XL:     9   Next: 48%
Magic:  14/16      EV: 15    Int: 20    God:    Ashenzari [*.....]
Gold:   395        SH:  0    Dex: 13    Spells: 5/17 levels left

rFire    . . .     SeeInvis .   t - +2 dagger (venom)
rCold    . . .     Gourm    .   (no shield)
rNeg     . . .     Faith    .   w - +2 robe {MR+} (curse)
rPois    +         Spirit   .   (no helmet)
rElec    .         Reflect  .   (no cloak)
rCorr    .         Harm     .   (no gloves)
MR       ++...                  (no boots)
Stlth    +++.......             (no amulet)
HPRegen  0.00/turn              y - +2 ring of protection (curse)
MPRegen  0.15/turn              p - +3 ring of protection (curse)

@: non-regenerating, studying Necromancy
A: damage resistance, heal wounds, clever 1, sense surroundings 2, poison
resistance, no regeneration
a: Heal Wounds, Curse Item, Scrying, Renounce Religion


You were on level 8 of the Dungeon.
You worshipped Ashenzari.
Ashenzari was aware of your devotion.
You were not hungry.

You visited 2 branches of the dungeon, and saw 9 of its levels.

You collected 395 gold pieces.

Inventory:

Hand Weapons
 g - a +0 dagger
 h - a +0 quarterstaff
 t - a +2 dagger of venom (weapon)
Missiles
 b - 91 stones (quivered)
 f - 13 boomerangs
Armour
 c - a +0 robe
 w - a cursed +2 robe of magic resistance (worn)
 C - a +0 scale mail of positive energy
Jewellery
 n - an uncursed ring of protection from fire
 p - a cursed +3 ring of protection (right hand)
 r - an uncursed amulet of guardian spirit
 y - a cursed +2 ring of protection (left hand)
 z - an uncursed ring of positive energy
Wands
 a - a wand of polymorph (10)
 l - a wand of paralysis (19)
 F - a wand of random effects (7)
Scrolls
 e - a scroll of fear {unknown}
 i - 2 scrolls of enchant weapon {unknown}
 k - 11 scrolls of identify {unknown}
 m - 4 scrolls of amnesia {unknown}
 o - 3 scrolls of teleportation {unknown}
 s - 2 scrolls of remove curse
 v - 2 scrolls of immolation {unknown}
 D - 3 scrolls of enchant armour {unknown}
 G - a scroll of brand weapon {unknown}
Potions
 j - 2 potions of curing
 q - a potion of might
 u - a potion of brilliance
 x - a potion of resistance
 B - a potion of mutation
 E - a potion of heal wounds {unknown}
 H - a potion of cancellation {unknown}
Books
 A - a manual of Necromancy
Comestibles
 d - 13 rations


   Skills:
 + Level 4.0 Staves
 + Level 6.1 Dodging
 + Level 7.3 Stealth
 + Level 4.6 Spellcasting
 + Level 4.7 Necromancy
 - Level 0.8 Transmutations
 * Level 10.6 Earth Magic


You had 5 spell levels left.
You knew the following spells:

 Your Spells              Type           Power        Failure   Level  Hunger
a - Sandblast             Erth           #####.       1%          1    None
b - Lee's Rapid Deconstr  Erth           #####.....   4%          5    ######.
c - Petrify               Tmut/Erth      ####....     12%         4    ####...
d - Passwall              Tmut/Erth      ####....     1%          2    #......

Your spell library contained the following spells:

 Spells                   Type           Power        Failure   Level  Hunger
 Stone Arrow              Conj/Erth      ####..       4%          3    ##.....


Dungeon Overview and Level Annotations

Branches:
Dungeon (8/15)             Temple (1/1) D:4
   Lair: D:8-11

Altars:
Ashenzari
Cheibriados
Elyvilon
Fedhas
Gozag
Kikubaaqudgha
Makhleb
Nemelex Xobeh
Qazlal
Ru
Sif Muna
Uskayaw
Vehumet
Wu Jian
Xom
Yredelemnul
Zin
The Shining One

Shops:
D:5 (


Innate Abilities, Weirdness & Mutations

You are resistant to damage.
You can heal yourself by infusing magical energy.
You passively map the area around you.
You do not regenerate.
Your mind is acute. (Int +2)
Your system is resistant to poisons. (rPois)


Message History

The blast of sand hits the orc warrior!
The orc warrior is heavily wounded.
b - 92 stones The orc warrior hits you from afar with a +1 vorpal trident!
* * * LOW HITPOINT WARNING * * *
You see here a +0 dagger.
You feel much better.
The orc warrior hits you from afar with a +1 vorpal trident!!
* * * LOW HITPOINT WARNING * * *
Casting: Sandblast (safe; 1% risk of failure)
Confirm with . or Enter, or press ? or * to list all spells.
Aiming: Sandblast (safe; 1% risk of failure)
Press: ? - help, Shift-Dir - straight line, f/p - orc warrior
Aim: an orc warrior, wielding a +1 vorpal trident and wearing a +0 chain mail (heavily wounded)
The blast of sand hits the orc warrior!
The orc warrior is almost dead.
b - 91 stones The orc warrior hits you from afar with a +1 vorpal trident!!
* * * LOW HITPOINT WARNING * * *
You die...

#.# #........# ##'##
#.######.# ##...##
#.#### ##.....## #....#
* * #.......# #..#.# ,#
.........####....###.#
.........+...........##
.........####.........#
#.......## #..#@####.#
##.....## #.##.## #.#
##...## #.##o.# #.#
*#+## #.###.# #.# * #.#
#.# #.# * #.###.###.#
,* #.........# , *
#####)##### , * ** #.#


You could see an orc warrior.

Vanquished Creatures
  Prince Ribbit (D:5)
  Sigmund (D:5)
  A spriggan (D:7)
  2 vampire mosquitoes (D:8)
  Duvessa (D:4)
  A phantom (D:6)
  2 sky beasts
  3 ogres
  A black bear (D:6)
  A centaur (D:6)
  3 bullfrogs
  Dowan (D:4)
  3 wights (D:4)
  2 howler monkeys (D:8)
  A bullfrog zombie (D:5)
  3 crimson imps
  A jelly (D:4)
  A gnoll shaman (D:6)
  3 bullfrog skeletons
  An iguana (D:6)
  5 worker ants
  A killer bee zombie (D:7)
  A hound zombie (D:8)
  A hound skeleton (D:7)
  A howler monkey zombie (D:2)
  3 worker ant zombies
  11 gnolls
  9 adders
  4 river rats (D:3)
  A shadow imp (D:5)
  An ooze (D:1)
  2 dart slugs
  5 worms
  6 leopard geckos
  9 orcs
  4 bats
  4 giant cockroaches
  21 goblins
  9 hobgoblins
  16 jackals
  A quokka (D:3)
  3 ball pythons
  3 frilled lizards
  A giant cockroach zombie (D:6)
  5 kobolds
  A leopard gecko skeleton (D:6)
  5 rats
166 creatures vanquished.

Vanquished Creatures (others)
  7 fungi (D:4)
7 creatures vanquished.

Grand Total: 173 creatures vanquished

Notes
Turn   | Place    | Note
-------+----------+-------------------------------------------
     0 | D:1      | Coldstonesans the Deep Dwarf Earth Elementalist began the
                  | quest for the Orb.
     0 | D:1      | Reached XP level 1. HP: 15/15 MP: 3/3
   279 | D:1      | Reached XP level 2. HP: 22/22 MP: 0/4
   942 | D:1      | You fall into a shaft and drop 1 floor!
   944 | D:2      | Reached XP level 3. HP: 11/28 MP: 3/6
  1425 | D:2      | Reached skill level 5 in Earth Magic
  1559 | D:2      | Reached XP level 4. HP: 13/36 MP: 3/7
  3138 | D:3      | Reached XP level 5. HP: 16/42 MP: 1/8
  3548 | D:3      | Reached skill level 6 in Earth Magic
  3707 | D:3      | Gained mutation: You are weak. (Str -2) [potion of
                  | mutation]
  3707 | D:3      | Gained mutation: You possess an exceptional clarity of
                  | mind. [potion of mutation]
  3889 | D:4      | Found a staircase to the Ecumenical Temple.
  3891 | D:4      | Reached XP level 6. HP: 48/49 MP: 7/10
  3930 | Temple   | Entered the Ecumenical Temple
  3934 | Temple   | Became a worshipper of Ashenzari the Shackled
  4096 | D:4      | Noticed Duvessa
  4106 | D:4      | Learned a level 5 spell: Lee's Rapid Deconstruction
  4111 | D:4      | Learned a level 4 spell: Petrify
  4115 | D:4      | Noticed Dowan
  4129 | D:4      | Killed Duvessa
  4159 | D:4      | Killed Dowan
  4159 | D:4      | Reached skill level 7 in Earth Magic
  4213 | D:4      | Reached skill level 1 in Staves
  4236 | D:4      | Reached XP level 7. HP: 32/55 MP: 8/11
  4711 | D:4      | Reached skill level 5 in Stealth
  5030 | D:5      | Entered Level 5 of the Dungeon
  5054 | D:5      | Noticed Sigmund
  5095 | D:5      | Killed Sigmund
  5095 | D:5      | Reached skill level 8 in Earth Magic
  5334 | D:5      | Noticed Prince Ribbit
  5340 | D:5      | Killed Prince Ribbit
  5340 | D:5      | Reached XP level 8. HP: 18/62 MP: 9/13
  5539 | D:5      | Found a hide-covered altar of Uskayaw.
  5587 | D:5      | Found Joshruku's Weapon Emporium.
  5725 | D:6      | Reached skill level 5 in Dodging
  5725 | D:6      | Reached skill level 9 in Earth Magic
  5801 | D:6      | Lost mutation: You are weak. (Str -2) [potion of mutation]
  5801 | D:6      | Lost mutation: You possess an exceptional clarity of mind.
                  | [potion of mutation]
  5801 | D:6      | Gained mutation: Your mind is acute. (Int +2) [potion of
                  | mutation]
  5801 | D:6      | Gained mutation: Your system is resistant to poisons.
                  | (rPois) [potion of mutation]
  5829 | D:6      | Reached skill level 1 in Necromancy
  5837 | D:6      | Reached * piety under Ashenzari
  5855 | D:6      | Found an opulent altar of Gozag.
  5931 | D:6      | Learned a level 2 spell: Passwall
  6205 | D:6      | Found a radiant altar of Vehumet.
  6235 | D:6      | Found a glowing silver altar of Zin.
  6697 | D:7      | Gained mutation: You passively map the area around you.
                  | [Deep Dwarf growth]
  6697 | D:7      | Reached XP level 9. HP: 19/68 MP: 15/15
  6797 | D:7      | Found a blossoming altar of Fedhas.
  6849 | D:7      | Reached skill level 10 in Earth Magic
  7541 | D:8      | HP: 3/68 [orc warrior/+1 vorpal trident (13)]
  7541 | D:8      | Slain by an orc warrior

Levels and vault maps discovered:
D:1:      lemuel_arrival_room, layout_basic
D:2:      kennysheep_the_goblin_king, layout_loops_ring, uniq_robin
D:3:      layout_loops_ring, portal_sewer_entry_e, first_ration
D:4:      layout_loops_corners, minmay_temple_entry_junction, serial_aquarium,
          aquarium_bridge_square [aquarium_subvault_window,
          aquarium_subvault_bridge, aquarium_subvault_wall,
          aquarium_subvault_bridge], aquarium_window_fake, aquarium_window_1,
          aquarium_window_corridor_1, aquarium_view_2g, aquarium_view_2d,
          aquarium_pool_side, uniq_duvessa
D:5:      layout_cave_pools, eat_drink_and_be_merry_uskayaw, serial_shops,
          kennysheep_mini_moat, uniq_sigmund, uniq_prince_ribbit1
D:6:      layout_cave_pods, lemuel_crystal_altar, minitemple,
          serial_park_tiny_2, minmay_manual_mess
D:7:      layout_loops_cross, basic_altar, the_bakery
D:8:      layout_loops_corners, lair_entry_dummy
Temple:   zaba_magenta_temple

Skill      XL: |  1  2  3  4  5  6  7  8  9 |
---------------+----------------------------+-----
Spellcasting   | 2 3 4 |  4.6
Stealth        | 3 4 5 6 7 |  7.3
Earth Magic    | 5 6 7 8 9 10 | 10.6
Dodging        | 3 4 5 6 |  6.1
Staves         | 1 2 3 4 |  4.0
Necromancy     | 3 4 |  4.7
Transmutations | |  0.8

Action                   |  1- 3 |  4- 6 |  7- 9 || total
-------------------------+-------+-------+-------++-------
Melee: Unarmed           |     1 |       |       ||     1
       Dagger            |    44 |   178 |    80 ||   302
 Cast: Sandblast         |    39 |    40 |   121 ||   200
       Lee's Rapid Decon |       |       |     2 ||     2
       Passwall          |       |       |     2 ||     2
Invok: Curse Item        |       |       |     3 ||     3
 Abil: Heal Wounds       |       |     1 |     3 ||     4
  Use: Potion            |       |     8 |     7 ||    15
 Stab: Sleeping          |     1 |     3 |     4 ||     8
  Eat: Chunk             |     2 |    10 |     7 ||    19
       Ration            |       |       |     1 ||     1
Armor: Robe              |     5 |    59 |    30 ||    94
Dodge: Dodged            |    37 |   133 |   112 ||   282

Table legend:
 A = Non-vault XP
 B = Vault XP
 C = Vault XP percentage of total XP
 D = Non-vault monster count
 E = Vault monster count
 F = Vault count percentage of total count
                 A         B        C        D         E       F
            +---------+---------+-------+---------+---------+-------
      Total |    2917 |    1209 |  29.3 |     136 |      30 |  18.1
            +---------+---------+-------+---------+---------+-------
        D:1 |      44 |       2 |   4.3 |      20 |       1 |   4.8
        D:2 |      89 |      23 |  20.5 |      20 |      12 |  37.5
        D:3 |      88 |      59 |  40.1 |      24 |       8 |  25.0
        D:4 |     433 |     223 |  34.0 |      16 |       2 |  11.1
        D:5 |     199 |     515 |  72.1 |      14 |       2 |  12.5
        D:6 |     807 |     167 |  17.1 |      17 |       4 |  19.0
        D:7 |     544 |     220 |  28.8 |      15 |       1 |   6.2
        D:8 |     713 |       0 |   0.0 |      10 |       0 |   0.0
            +---------+---------+-------+---------+---------+-------
